 Dungeon Crawl Stone Soup version 0.30-a0-782-ge64f9170bb (webtiles) character file.

Game seed: 15640867182810615760

1033 112233 the Skirmisher (level 8, -3/58 HPs)
             Began as a Spriggan Hunter on Feb 28, 2023.
             Was an Initiate of Gozag.
             Shot with an arrow by a centaur (15 damage)
             ... on level 5 of the Dungeon.
             The game lasted 00:04:18 (4600 turns).

112233 the Skirmisher (Spriggan Hunter)             Turns: 4600, Time: 00:04:19

Health: -3/58      AC:  2    Str:  9    XL:     8   Next: 3%
Magic:  9/9        EV: 18    Int: 10    God:    Gozag
Gold:   201        SH:  0    Dex: 19    Spells: 7/7 levels left

rFire   . . .      SeeInvis +    a - +0 shortbow
rCold   . . .      Faith    .    (shield currently unavailable)
rNeg    . . .      Spirit   .    c - +0 robe
rPois   .          Reflect  .    (helmet restricted)
rElec   .          Harm     .    (no cloak)
rCorr   .          Rampage  .    (gloves unavailable)
Will    +....                    (boots unavailable) Stlth
                                 (no amulet)
HPRegen 0.29/turn                (no ring)
MPRegen 0.11/turn                (no ring)

@: berserking (expiring), very quick
A: very small, no large weapons, unfitting armour, see invisible, speed 3
a: Renounce Religion, Potion Petition, Call Merchant, Bribe Branch


You were on level 5 of the Dungeon.
You worshipped Gozag.
Gozag was aware of your devotion.
You visited 2 branches of the dungeon, and saw 6 of its levels.

You collected 278 gold pieces.
You paid 77 gold pieces to Gozag.

Inventory:

Hand Weapons
 a - a +0 shortbow (weapon)
 n - a +3 flail of protection
Missiles
 u - a throwing net
Armour
 c - a +0 robe (worn)
Jewellery
 y - a ring of magical power
Wands
 v - a wand of digging (5)
 A - a wand of acid (8)
Scrolls
 b - 3 scrolls of immolation
 e - 2 scrolls of magic mapping {unknown}
 h - 2 scrolls of noise {unknown}
 i - 2 scrolls of poison {unknown}
 k - a scroll of fear {unknown}
 l - 3 scrolls of identify {unknown}
 m - 7 scrolls of teleportation {unknown}
 q - 2 scrolls of summoning {unknown}
 r - a scroll of brand weapon {unknown}
 s - a scroll of blinking {unknown}
 t - 2 scrolls of torment {unknown}
 w - a scroll of enchant weapon {unknown}
 x - 3 scrolls of vulnerability {unknown}
Potions
 d - 5 potions of curing
 g - a potion of brilliance {unknown}
 j - a potion of heal wounds {unknown}
 o - a potion of might {unknown}
 p - 3 potions of magic {unknown}
 z - a potion of haste {unknown}
 B - a potion of flight {unknown}


   Skills:
 - Level 1.8 Fighting
 + Level 10.1 Ranged Weapons
 - Level 3.0 Dodging
 - Level 2.1 Stealth


You had 7 spell levels left.
You didn't know any spells.
Your spell library contained the following spells:

 Spells                   Type           Power      Damage    Failure   Level
 Poisonous Vapours        Pois/Air       0%         N/A       50%         2
 Call Canine Familiar     Summ           0%         N/A       75%         3
 Portal Projectile        Hex/Tloc       0%         N/A       75%         3
 Swiftness                Air            0%         N/A       75%         3
 Leda's Liquefaction      Hex/Erth       0%         N/A       98%         4
 Maxwell's Capacitive Co  Air            0%         ∞         100%        8


Dungeon Overview and Level Annotations

Branches:
Dungeon (5/15)             Temple (1/1) D:5

Altars:
Ashenzari
Cheibriados
Fedhas
Gozag
Hepliaklqana
Kikubaaqudgha
Makhleb
Okawaru
Qazlal
Ru
Sif Muna
Vehumet
Wu Jian
Xom
Zin
The Shining One

Shops:
D:4 :

Annotations:
D:3 exclusion: 2 downstairs
D:5 1 runed translucent door, flt's ghost, novice DgTm


Innate Abilities, Weirdness & Mutations

You are very small and have problems with some larger weapons.
You are too small for most types of armour.
You have supernaturally acute eyesight. (SInv)
You cover ground extremely quickly. (Speed+++)


Message History

The centaur shoots an arrow.
The arrow misses you.
Unknown command.
You shoot an arrow.
The arrow hits the centaur but does no damage.
The centaur is lightly wounded.
The centaur shoots an arrow.
The arrow hits you!
The centaur shoots an arrow.
The arrow hits you!
Unknown command.
You are too injured to fight recklessly!
Unknown command.
You are too injured to fight recklessly!
Unknown command.
You are too injured to fight recklessly!
It was a potion of curing.
You feel better.
The centaur shoots an arrow.
The arrow hits you!
Aiming: Corrosive Bolt
Press: ? - help, Shift-Dir - straight line, f - you, p - centaur
Okay, then.
Fire: a) +0 shortbow
Press: ? - help, Q - select action, (/) - cycle Shift-Dir - straight line, f/p - centaur
Aim: a centaur, wielding a +0 shortbow (lightly wounded, 76% to hit)
You shoot an arrow. The arrow hits the centaur!
The centaur is moderately wounded.
The centaur shoots an arrow.
The arrow hits you.
* * * LOW HITPOINT WARNING * * *
The centaur shoots an arrow.
The arrow closely misses you.
Unknown command.
It was a potion of berserk rage.
A red film seems to cover your vision as you go berserk!
You feel yourself moving faster!
You feel mighty!
The centaur shoots an arrow.
The arrow barely misses you.
You are too berserk!
Unknown command.
You are too berserk!
You feel a strong urge to attack something.
The centaur shoots an arrow.
The arrow completely misses you.
You are too berserk!
The centaur shoots an arrow.
The arrow hits you!
You die...
Your body crumbles into a pile of gold.

#.#
##.#
#..#
##.##
#..#
#.##
#.# #
##.#
#.#.@#
#...##
#..##
#..
....
.....
....c>.
......#
......


You could see a centaur.

Vanquished Creatures
  Sigmund (D:4)
  Menkaure (D:5)
  A centaur (D:4)
  Blork the orc (D:5)
  A necrophage (D:5)
  3 scorpions
  3 hounds
  A jelly (D:5)
  An orc priest (D:3)
  An orc wizard (D:5)
  8 gnolls
  4 adders
  2 worms
  2 dart slugs (D:1)
  6 orcs
  9 endoplasms
  3 giant cockroaches
  3 goblins
  5 hobgoblins
  4 jackals (D:1)
  6 quokkas
  6 ball pythons
  6 bats
  5 frilled lizards
  3 kobolds
  3 rats
89 creatures vanquished.

Vanquished Creatures (others)
  An orc wizard (D:5)
  4 fungi (D:1)
  3 plants (D:1)
8 creatures vanquished.

Grand Total: 97 creatures vanquished

Notes
Turn   | Place    | Note
-------+----------+-------------------------------------------
     0 | D:1      | 112233 the Spriggan Hunter began the quest for the Orb.
     0 | D:1      | Reached XP level 1. HP: 10/10 MP: 2/2
   221 | D:1      | Reached XP level 2. HP: 15/15 MP: 3/3
   386 | D:1      | Reached XP level 3. HP: 18/18 MP: 4/4
   424 | D:1      | Found a faded altar of an unknown god.
   445 | D:1      | Got Yledast's Papyrus of the Brume
   745 | D:2      | Reached skill level 5 in Ranged Weapons
  1826 | D:3      | Reached XP level 4. HP: 23/23 MP: 5/5
  2259 | D:4      | Reached skill level 6 in Ranged Weapons
  2273 | D:4      | Noticed a scorpion
  2274 | D:4      | Noticed a centaur
  2588 | D:4      | Reached XP level 5. HP: 23/26 MP: 6/6
  2613 | D:4      | Killed a centaur
  2616 | D:4      | Found Bavim's Book Emporium.
  2633 | D:4      | Reached skill level 7 in Ranged Weapons
  2633 | D:4      | Reached XP level 6. HP: 13/30 MP: 7/7
  3374 | D:4      | Noticed Sigmund
  3387 | D:4      | Killed Sigmund
  3388 | D:4      | Reached skill level 8 in Ranged Weapons
  3388 | D:4      | Reached XP level 7. HP: 34/34 MP: 8/8
  3656 | D:5      | Entered Level 5 of the Dungeon
  3656 | D:5      | Noticed Blork the orc
  3670 | D:5      | Killed Blork the orc
  4049 | D:5      | Found a staircase to the Ecumenical Temple.
  4088 | D:5      | Found a runed translucent door.
  4090 | D:5      | Noticed flt's ghost (novice DgTm)
  4120 | Temple   | Entered the Ecumenical Temple
  4184 | Temple   | Became a worshipper of Gozag Ym Sagoz the Greedy
  4211 | D:5      | Found a snail-covered altar of Cheibriados.
  4373 | D:5      | Reached skill level 9 in Ranged Weapons
  4460 | D:5      | Noticed Menkaure
  4466 | D:5      | Killed Menkaure
  4483 | D:5      | Reached skill level 10 in Ranged Weapons
  4483 | D:5      | Reached XP level 8. HP: 39/39 MP: 9/9
  4600 | D:5      | Shot with an arrow by a centaur

Illustrated notes

Levels and vault maps discovered:
D:1:      mrwooster_arrival_statue_3, layout_basic,
          shapermc_ecumenical_altar_mp_urbaneastern, amcnicky_mini_pool_small
D:2:      layout_basic, minmay_tetromino_l2
D:3:      kb_forest_paths, layout_loops_ring, nrook_mini_vaults
D:4:      layout_layer_cave, serial_shops, shop, uniq_sigmund
D:5:      cheibrodos_thug_alley, layout_basic, cheibriados_altar_1,
          minmay_temple_entry_mist, ebering_ghost_inner_flame,
          uniq_crazy_yiuf_cottage, uniq_blork_the_orc, uniq_menkaure
Temple:   eino_wide_crystal_templ

Skill      XL: |  1  2  3  4  5  6  7 |
---------------+----------------------+-----
Stealth        | 2 |  2.1
Dodging        | 3 |  3.0
Ranged Weapons | 5 6 7 8 10 | 10.1
Fighting       | |  1.8

Action                     |  1- 3 |  4- 6 |  7- 9 || total
---------------------------+-------+-------+-------++-------
   Fire: Shortbow          |   135 |   104 |    94 ||   333
    Use: Potion            |       |       |     2 ||     2
 Armour: Robe              |     6 |     1 |       ||     7
  Dodge: Dodged            |    41 |    49 |    31 ||   121

Table legend: (Time is in decaauts)
 A = Elapsed time spent in this place.
 B = Non-inter-level travel time spent in this place.
 C = Inter-level travel time spent in this place.
 D = Time resting spent in this place.
 E = Time spent auto-exploring this place.
 F = Levels seen in this place.
 G = Mean time per level.
                   A        B        C        D        E       F      G
               +--------+--------+--------+--------+--------+-----+--------+
         Total |   3306 |   3063 |    243 |    624 |   1843 |   6 |  551.0 |
       Dungeon |   3253 |   3035 |    218 |    624 |   1822 |   5 |  650.6 |
        Temple |     53 |     29 |     24 |      0 |     21 |   1 |   53.0 |
               +--------+--------+--------+--------+--------+-----+--------+

Top non-repeatable levels by time:
     D:4: 1176 daAuts
     D:3: 730 daAuts
     D:2: 551 daAuts
     D:1: 431 daAuts
     D:5: 363 daAuts
  Temple: 53 daAuts
